 Dungeon Sprint DCSS version 0.22-a0-362-g535178c5c5 (webtiles) character file.

1274 KillingSpree the Covert (level 8, -13/44 HPs)
             Began as a Vine Stalker Assassin on Apr 20, 2018.
             Was a Priest of Makhleb.
             Mangled by a porcupine (16 damage)
             ... in the Dungeon (Sprint IX: "|||||||||||||||||||||||||||||").
             The game lasted 00:01:35 (500 turns).

KillingSpree the Covert (Vine Stalker Assassin)      Turns: 500, Time: 00:01:35

Health: -13/44     AC:  3    Str: 14    XL:     8   Next: 53%
Magic:  0/9        EV: 14    Int: 14    God:    Makhleb [***...]
Gold:   0          SH:  0    Dex: 21    Spells: 7/7 levels left

rFire    . . .     SeeInvis .   q - +2 rapier (distort)
rCold    . . .     Gourm    .   (no shield)
rNeg     . . .     Faith    .   c - +0 robe
rPois    .         Spirit   +   (no helmet)
rElec    .         Reflect  .   d - +0 cloak
rCorr    .         Harm     .   (no gloves)
MR       +....     NoTele   +   (no boots)
Stlth    ++++++....             (no amulet)
HPRegen  0.54/turn              s - +3 ring of dexterity
MPRegen  0.11/turn              t - +3 ring of intelligence

@: no status effects
A: fangs 3, regeneration 1, magic shield, antimagic bite, no potion heal 3, rot
immunity
a: Minor Destruction, Lesser Servant of Makhleb, Renounce Religion


You were in the Dungeon.
You worshipped Makhleb.
Makhleb was most pleased with you.
You were not hungry.

You visited 1 branch

Inventory:

Hand Weapons
 a - a +2 dagger
 b - a +0 blowgun
 q - a +2 rapier of distortion (weapon)
Missiles
 e - 8 poisoned needles
 f - 2 curare-tipped needles
Armour
 c - a +0 robe (worn)
 d - a +0 cloak (worn)
 r - a +0 cloak
 u - a +2 ring mail
 y - a +2 shield of protection
Jewellery
 s - a +3 ring of dexterity (left hand)
 t - a +3 ring of intelligence (right hand)
Wands
 p - a wand of acid (10)
Scrolls
 m - 2 scrolls of blinking
 n - 4 scrolls of remove curse
 o - 2 scrolls of amnesia
 z - 2 scrolls of enchant weapon
 A - 2 scrolls of identify
 B - a scroll of fear
Potions
 h - 5 potions of curing
 i - 7 potions of heal wounds
 j - a potion of haste
 k - 4 potions of magic
 l - a potion of invisibility
 w - a potion of might
 x - a potion of berserk rage
Comestibles
 g - a ration
 v - 3 chunks of flesh


   Skills:
 + Level 5.8 Fighting
 * Level 11.2 Short Blades
 - Level 1.7 Throwing
 * Level 5.6 Armour
 + Level 3.4 Dodging
 - Level 12.5 Stealth
 * Level 2.0 Shields


You had 7 spell levels left.
You didn't know any spells.

Dungeon Overview and Level Annotations

Branches:
Dungeon (1/1)

Altars:
Cheibriados
Dithmenos
Elyvilon
Fedhas
Gozag
Hepliaklqana
Kikubaaqudgha
Makhleb
Nemelex Xobeh
Okawaru
Qazlal
Ru
Sif Muna
Trog
Uskayaw
Vehumet
Wu Jian
Xom
Yredelemnul
Zin
The Shining One
Beogh
Jiyva
Lugonu


Innate Abilities, Weirdness & Mutations

You have razor-sharp teeth.
Your natural rate of healing is unusually fast.
When hurt, damage is shared between your health and your magic reserves.
Your bite disrupts and absorbs the magic of your enemies.
Potions cannot restore your health.
You are immune to rotting.


Message History

The water moccasin is almost dead.
You feel sick. The water moccasin bites you.
You puncture the water moccasin!
You kill the water moccasin!
Makhleb accepts your kill.
You can now summon a lesser servant of Makhleb.
Your Shields skill increases to level 2!
The spiny frog completely misses you.
Unknown command.
You hit the spiny frog but do no damage.
Space bends around the spiny frog.
Your bite misses the spiny frog.
The spiny frog is moderately wounded.
You feel sick. The spiny frog stings you!!
* * * LOW HITPOINT WARNING * * *
You are lethally poisoned!
The spiny frog poisons you!
Okay, then.
Okay, then.
Your system rejects the healing.
You feel better. The porcupine bites you!
You die...

▓.▓.▓.▓
▓(▓.▓.▓
▓.▓.▓'▓
▓.▓.▓_▓
▓.▓.▓_▓
▓.▓.▓_▓
▓.▓.▓_▓
▓F▓.▓_▓
▓@▓.▓_▓
▓r▓.▓_▓
▓r▓.▓_▓
▓.▓.▓_▓
▓.▓.▓_▓
▓.▓.▓_▓
▓.▓.▓_▓
▓.▓.▓_▓
▓.▓_▓


You could see a spiny frog, a hell rat and a porcupine.

Vanquished Creatures
  A hippogriff (D)
  A yak (D)
  2 water moccasins (D)
  2 porcupines (D)
  An ice beast (D)
  An ogre (D)
  A centaur (D)
  2 scorpions (D)
  An orc priest (D)
  A gnoll (D)
  A bat (D)
  A bat zombie (D)
  A hobgoblin (D)
  A kobold (D)
  A quokka (D)
  A frilled lizard (D)
  A leopard gecko skeleton (D)
20 creatures vanquished.

Vanquished Creatures (others)
  A yak (D)
  A bullfrog (D)
  An orc (D)
3 creatures vanquished.

Grand Total: 23 creatures vanquished

Notes
Turn   | Place    | Note
-------+----------+-------------------------------------------
     0 | D        | KillingSpree the Vine Stalker Assassin began the quest for the Orb.
     0 | D        | Reached XP level 1. HP: 11/11 MP: 2/2
     5 | D        | Reached skill level 5 in Stealth
    15 | D        | Reached skill level 6 in Stealth
    15 | D        | Reached XP level 2. HP: 6/15 MP: 1/3
    19 | D        | Reached skill level 7 in Stealth
   198 | D        | Noticed an ogre
   198 | D        | Noticed a centaur
   198 | D        | Noticed a scorpion
   200 | D        | Killed an ogre
   200 | D        | Reached skill level 1 in Dodging
   200 | D        | Reached skill level 10 in Stealth
   200 | D        | Reached XP level 3. HP: 20/20 MP: 4/4
   200 | D        | Gained mutation: Your natural rate of healing is unusually fast. [Vine Stalker growth]
   200 | D        | Reached XP level 4. HP: 24/24 MP: 5/5
   202 | D        | Killed a centaur
   202 | D        | Reached skill level 5 in Short Blades
   202 | D        | Reached skill level 11 in Stealth
   202 | D        | Reached XP level 5. HP: 28/28 MP: 6/6
   215 | D        | Reached skill level 12 in Stealth
   215 | D        | Reached XP level 6. HP: 33/33 MP: 3/7
   228 | D        | Found a roughly hewn altar of Beogh.
   228 | D        | Found a snail-covered altar of Cheibriados.
   228 | D        | Found a shadowy altar of Dithmenos.
   228 | D        | Found a white marble altar of Elyvilon.
   228 | D        | Found a blossoming altar of Fedhas.
   228 | D        | Found an opulent altar of Gozag.
   229 | D        | Found a hazy altar of Hepliaklqana.
   230 | D        | Found a viscous altar of Jiyva.
   231 | D        | Found an ancient bone altar of Kikubaaqudgha.
   232 | D        | Found a corrupted altar of Lugonu.
   233 | D        | Found a burning altar of Makhleb.
   234 | D        | Found a sparkling altar of Nemelex Xobeh.
   235 | D        | Found an iron altar of Okawaru.
   236 | D        | Found a stormy altar of Qazlal.
   237 | D        | Found a sacrificial altar of Ru.
   238 | D        | Found a deep blue altar of Sif Muna.
   239 | D        | Found a bloodstained altar of Trog.
   240 | D        | Found a hide-covered altar of Uskayaw.
   241 | D        | Found a radiant altar of Vehumet.
   242 | D        | Found an ornate altar of the Wu Jian Council.
   243 | D        | Found a shimmering altar of Xom.
   247 | D        | Became a worshipper of Makhleb the Destroyer
   251 | D        | Found a basalt altar of Yredelemnul.
   252 | D        | Found a glowing silver altar of Zin.
   253 | D        | Found a glowing golden altar of the Shining One.
   289 | D        | Noticed a wraith
   289 | D        | Noticed an ice beast
   295 | D        | Reached skill level 1 in Armour
   302 | D        | Killed an ice beast
   304 | D        | Reached * piety under Makhleb
   304 | D        | Reached XP level 7. HP: 35/38 MP: 8/8
   316 | D        | Noticed a hippogriff
   316 | D        | Noticed a troll
   316 | D        | Noticed a yak
   316 | D        | Noticed a yak
   323 | D        | Killed a hippogriff
   323 | D        | Reached skill level 5 in Fighting
   324 | D        | Reached ** piety under Makhleb
   331 | D        | Killed a yak
   331 | D        | Reached skill level 10 in Short Blades
   331 | D        | Reached skill level 5 in Armour
   331 | D        | Gained mutation: You have razor-sharp teeth. [Vine Stalker growth]
   331 | D        | Reached XP level 8. HP: 21/43 MP: 3/9
   332 | D        | Banished a yak
   482 | D        | Noticed a spiny frog
   482 | D        | Noticed a hippogriff
   482 | D        | Noticed a spiny frog
   485 | D        | Reached skill level 1 in Shields
   498 | D        | Reached *** piety under Makhleb
   499 | D        | HP: 2/44 [spiny frog (16)]
   500 | D        | Mangled by a porcupine

Vault maps used:
D:        linesprint

Skill      XL: |  1  2  3  4  5  6  7  8 |
---------------+-------------------------+-----
Fighting       | 2 3 4 5 |  5.8
Stealth        | 6 10 11 12 | 12.5
Short Blades   | 2 4 5 6 8 10 11 | 11.2
Dodging        | 1 2 3 |  3.4
Armour         | 3 5 |  5.6
Shields        | 2 |  2.0
Throwing       | |  1.7

Action                   |  1- 3 |  4- 6 |  7- 9 || total
-------------------------+-------+-------+-------++-------
Melee: Dagger            |    16 |    17 |       ||    33
       Bite              |     5 |     8 |     8 ||    21
       Rapier            |       |    14 |    29 ||    43
  Use: Potion            |       |     1 |     1 ||     2
 Stab: Sleeping          |     2 |     1 |     1 ||     4
Armor: Robe              |     3 |     2 |     1 ||     6
Dodge: Dodged            |     6 |    12 |    16 ||    34

Table legend:
 A = Spawn XP
 B = Non-spawn XP
 C = Spawn XP percentage of total XP
 D = Spawn monster count
 E = Non-spawn monster count
 F = Spawn count percentage of total count
 G = Total turns spent on level
                    A         B        C        D         E        F      G
               +---------+---------+-------+---------+---------+-------+---------
         Total |       0 |    1820 |   0.0 |       0 |      23 |   0.0 |   500
               +---------+---------+-------+---------+---------+-------+---------
             D |       0 |    1820 |   0.0 |       0 |      23 |   0.0 |   500
               +---------+---------+-------+---------+---------+-------+---------
